Map: 10000 Feet LE

Players

GhostRobo - Winner!

  • Race: Terran Terran
  • Spawn Location: 11:00

TROZIN

  • Race: Terran Terran
  • League: Silver
  • Spawn Location: 5:00

VOD

Have the link to the VOD?

Description

Time

  • Played on: Dec. 11, 2025, 2:18 p.m.
  • Length: 34:29
Show
View Real Time Build Order
Export as new Build Order

GhostRobo Terran - Winner!

Build Orders:  

Get SALT Encoding   

  12  0:01  SCV  
  13  0:19  Supply Depot  
  13  0:20  SCV  
  14  0:32  SCV  
  15  0:43  Barracks  
  15  0:45  SCV  
  17  0:57  SCV  
  17  1:09  SCV  
  17  1:10  Refinery  
  18  1:28  SCV  
  19  1:37  Command Center  
  19  1:47  Orbital Command  
  19  2:01  Marine  
  20  2:17  SCV  
  22  2:29  SCV, Barracks  
  23  2:30  Barracks  
  22  2:41  SCV  
  22  2:42  Barracks Reactor  
  22  2:43  Supply Depot  
  23  2:53  SCV  
  23  2:56  Bunker  
  24  2:58  Orbital Command  
  24  3:04  Refinery  
  24  3:05  SCV  
  25  3:17  SCV  
  26  3:21  Barracks Tech Lab x2  
  26  3:23  Marine x2  
  28  3:29  SCV  
  28  3:30  Supply Depot  
  29  3:36  SCV  
  29  3:40  Marine  
  31  3:41  SCV  
  33  3:48  Factory, SCV  
  33  3:53  SCV  
  33  3:54  Supply Depot  
  34  3:59  Marine  
  34  4:00  Marauder, SCV, Marine  
  39  4:06  SCV  
  40  4:17  Supply Depot  
  40  4:18  Engineering Bay  
  40  4:30  SCV  
  41  4:33  SCV  
  41  4:37  Marine  
  41  4:38  Marine x3  
  45  4:40  Supply Depot  
  45  4:42  SCV  
  47  4:45  Engineering Bay  
  47  4:47  Factory Reactor  
  47  4:50  Starport  
  47  4:54  SCV  
  47  4:55  SCV  
  47  4:56  Marauder x2  
  47  4:57  Marine x2  
  55  5:06  SCV  
  55  5:07  Supply Depot, SCV  
  57  5:15  Combat Shield, Marine x2  
  57  5:17  Marine, Stimpack  
  57  5:19  Terran Infantry Weapons Level 1  
  60  5:22  Supply Depot  
  60  5:27  Missile Turret  
  60  5:29  SCV x2  
  62  5:41  SCV  
  63  5:46  Missile Turret  
  63  5:49  Medivac x2  
  67  5:52  Factory Tech Lab  
  67  5:53  Marine x4  
  71  5:59  Refinery  
  71  6:01  Refinery  
  71  6:08  SCV x2  
  73  6:11  Marauder  
  73  6:12  Marine x3  
  78  6:19  Medivac  
  78  6:20  SCV  
  78  6:25  Supply Depot  
  81  6:28  Supply Depot  
  81  6:30  Terran Infantry Armor Level 1, Marine  
  81  6:31  Marauder  
  84  6:33  Marauder  
  86  6:50  Supply Depot  
  86  6:55  Armory  
  86  6:58  SCV  
  86  6:59  SCV  
  88  7:01  Marine x4  
  88  7:04  Siege Tank  
  88  7:06  Medivac  
  97  7:19  Marine x2  
  97  7:20  Marauder x2  
  103  7:36  Siege Tank  
  103  7:37  Marine x2  
  106  7:41  Marauder, Marine  
  107  7:59  Marauder  
  74  8:31  Marine x4  
  78  8:35  Siege Tank  
  78  8:38  Viking  
  78  8:39  Viking  
  85  8:50  Marauder x2  
  83  9:07  Siege Tank  
  83  9:08  Viking  
  83  9:09  Viking  
  89  9:16  Command Center  
  89  9:24  Starport  
  89  9:40  Supply Depot  
  89  10:02  Viking x2, SCV, Marine x4, Siege Tank  
  89  10:05  Supply Depot  
  101  10:14  SCV  
  101  10:19  Marine  
  103  10:27  Marauder x2, SCV, Marine  
  109  10:28  Supply Depot  
  109  10:37  Marine  
  109  10:39  SCV  
  109  10:42  Orbital Command  
  111  10:44  Marine  
  111  10:48  Marine  
  111  10:49  Marauder  
  115  10:51  SCV  
  115  10:53  Supply Depot  
  116  11:03  SCV  
  117  11:06  Marauder  
  117  11:08  SCV  
  117  11:10  Marauder  
  122  11:15  SCV  
  122  11:16  Supply Depot  
  123  11:19  Missile Turret  
  123  11:20  SCV  
  124  11:27  SCV  
  124  11:28  Marauder  
  124  11:32  SCV  
  128  11:34  Marine x2  
  128  11:38  Missile Turret  
  128  11:39  Starport Reactor  
  131  11:40  SCV  
  131  11:44  SCV  
  132  11:48  Viking  
  132  11:50  Marine  
  132  11:52  SCV  
  136  11:56  SCV  
  136  11:59  Missile Turret  
  137  12:04  SCV  
  138  12:08  SCV  
  138  12:10  Viking  
  141  12:16  SCV  
  141  12:18  Missile Turret  
  141  12:20  SCV  
  141  12:21  Terran Ship Weapons Level 1  
  143  12:28  SCV  
  144  12:32  SCV  
  144  12:40  SCV  
  133  12:45  SCV  
  122  12:52  SCV  
  122  12:57  SCV  
  117  13:16  Viking x2  
  117  13:17  Viking x2  
  125  13:37  Command Center  
  125  13:46  Viking  
  127  14:08  Viking x3  
  133  14:11  Marine  
  134  14:29  SCV  
  135  14:49  SCV  
  130  15:01  SCV  
  129  15:13  SCV  
  122  15:25  SCV x2  
  122  15:37  SCV  
  123  15:49  SCV  
  124  16:01  SCV  
  124  16:03  Command Center  
  125  16:13  Viking x2, SCV  
  125  16:14  Medivac  
  125  16:15  Marine x3  
  136  16:25  SCV  
  136  16:27  Supply Depot, Missile Turret  
  136  16:49  Marine x4  
  136  16:50  Supply Depot  
  140  16:56  Terran Ship Weapons Level 2  
  139  17:07  Marauder x2  
  113  17:47  Command Center  
  114  17:51  SCV x2  
  115  18:03  SCV x2  
  117  18:15  SCV  
  117  18:18  SCV  
  119  18:25  Marine x4  
  123  18:30  SCV  
  124  18:44  Marauder  
  126  18:51  Orbital Command  
  126  18:58  Refinery  
  126  19:23  Orbital Command  
  126  19:33  Command Center  
  126  19:49  Marine x4  
  130  20:00  SCV x3  
  133  20:07  Marauder  
  133  20:08  Marauder  
  133  20:11  Siege Tank  
  133  20:12  Viking  
  133  20:13  Viking x2  
  146  20:14  Marine  
  147  20:29  Marauder  
  149  20:35  Terran Ship Weapons Level 3  
  149  20:44  Siege Tank  
  152  21:02  Missile Turret  
  152  21:04  Missile Turret x2  
  152  21:07  SCV x2  
  152  21:08  SCV  
  155  21:12  Missile Turret  
  155  21:14  SCV  
  156  21:19  SCV  
  156  21:24  Missile Turret  
  157  21:25  Missile Turret  
  157  21:26  Missile Turret  
  157  21:29  Terran Infantry Weapons Level 2  
  157  21:32  Missile Turret, Terran Infantry Armor Level 2  
  157  21:44  Missile Turret  
  157  21:47  Barracks x2  
  157  21:50  Missile Turret  
  157  21:53  Missile Turret  
  157  22:01  Missile Turret  
  157  22:05  Missile Turret  
  157  22:11  Factory  
  157  22:12  Factory  
  157  22:13  Factory  
  157  22:24  Marine x2, Missile Turret  
  157  22:25  Marine x2  
  157  22:27  Siege Tank  
  157  22:29  Viking x4  
  172  22:42  Marine  
  172  22:43  Marauder x2  
  177  22:52  Barracks Tech Lab  
  177  22:59  Siege Tank, Barracks Reactor  
  177  23:00  Factory Tech Lab  
  177  23:02  Factory Tech Lab  
  177  23:04  Marauder  
  177  23:05  Marauder  
  184  23:13  Terran Vehicle And Ship Armor Level 1  
  184  23:18  Factory Tech Lab  
  184  23:26  Marauder x2  
  188  23:30  Marine x3  
  188  23:32  Siege Tank  
  194  23:47  Marauder  
  194  23:48  Neosteel Armor  
  196  23:55  Missile Turret  
  196  23:57  Missile Turret  
  196  23:58  Missile Turret x2  
  196  23:59  Missile Turret  
  196  24:01  Missile Turret  
  196  24:16  Missile Turret  
  196  24:20  Missile Turret  
  196  24:23  Missile Turret  
  196  24:24  Missile Turret  
  196  24:26  Missile Turret  
  196  24:27  Missile Turret  
  196  24:44  Missile Turret x2  
  196  24:45  Missile Turret  
  196  24:49  Missile Turret  
  196  24:54  Missile Turret  
  196  24:55  Missile Turret  
  196  25:10  Missile Turret  
  196  25:14  Missile Turret  
  196  25:15  Missile Turret x2  
  196  25:18  Marauder  
  196  25:19  Missile Turret  
  141  25:56  Marine x2  
  141  25:57  Marauder, Marine x2  
  143  25:58  Marauder x2  
  143  26:00  Siege Tank x4  
  143  26:01  Viking  
  143  26:02  Viking x2, Medivac  
  171  26:14  Marine x3  
  174  26:19  Marauder x3  
  174  26:31  Medivac  
  174  26:32  Siege Tank, Medivac  
  178  26:33  Armory  
  178  26:40  Marauder x2  
  178  26:41  Marauder  
  178  26:45  Marine x3  
  187  27:02  Marauder x3  
  169  27:23  Marauder x3  
  121  27:37  Siege Tank  
  124  27:40  Marine x2  
  124  27:41  Marine x2  
  128  27:44  Marauder, Marine  
  128  27:45  Marauder  
  133  27:58  Marine x2  
  135  28:06  Refinery  
  135  28:10  Refinery  
  110  28:28  Viking  
  110  28:29  Viking  
  111  29:00  Viking  
  71  29:39  Marine x4  
  71  29:40  Marauder x3  
  80  29:55  Refinery  
  80  29:56  Marine  
  80  29:57  Marine x2  
  83  30:07  Command Center  
  83  30:09  Refinery  
  83  30:10  Refinery  
  83  30:17  Marine x3  
  83  30:18  Marauder x3  
  83  30:20  Viking  
  94  30:39  Marauder  
  96  30:54  SCV x3  
  99  31:06  SCV x3  
  102  31:24  Ghost Academy  
  101  31:35  Viking x4  
  94  32:05  Viking x3  
  88  32:33  Marine x4  
  88  32:34  Marauder x2  
  92  32:56  Marauder  
  92  33:10  Marine x2  
  92  33:11  Marine x3  
  92  33:12  Marauder  
  99  33:14  Siege Tank  
  99  33:15  Siege Tank x3  
  99  33:17  Marauder  
  99  33:18  Viking  
  99  33:19  Viking, Medivac x2  
  121  33:33  Marauder  
  123  33:38  Marauder  
  125  33:45  Marine x3  
  125  33:46  Siege Tank, Marine  
  125  33:47  Siege Tank x3, Barracks Reactor  
  141  33:55  Marauder  
  139  34:00  Marauder  
Show
View Real Time Build Order
Export as new Build Order

TROZIN Terran 

Build Orders:  

Get SALT Encoding   

  12  0:01  SCV  
  13  0:13  SCV  
  14  0:18  Refinery  
  14  0:30  SCV  
  15  0:40  Supply Depot  
  15  1:06  Barracks  
  15  1:13  Supply Depot  
  15  1:16  SCV  
  16  1:28  SCV  
  17  1:50  Refinery  
  17  1:57  Factory  
  17  1:58  SCV  
  18  2:02  Barracks Reactor  
  18  2:10  SCV  
  19  2:24  SCV  
  19  2:38  Orbital Command  
  19  2:40  Marine x2  
  19  2:42  Factory Tech Lab  
  21  2:58  Marine x2  
  23  3:10  Starport  
  23  3:12  Siege Tank  
  26  3:35  SCV  
  27  3:47  SCV  
  28  3:49  Siege Tank  
  31  4:02  Supply Depot  
  31  4:15  Starport Tech Lab, Fusion Core  
  31  4:24  SCV, Marine x2  
  34  4:31  Supply Depot  
  34  4:41  Marine  
  35  5:05  Command Center  
  35  5:12  Battlecruiser  
  41  5:26  Siege Tank  
  44  5:33  SCV  
  45  6:02  Starport  
  45  6:06  Marine x2  
  47  6:17  SCV  
  48  6:19  Supply Depot  
  48  6:21  SCV  
  48  6:24  Marine x2  
  51  6:33  SCV  
  52  6:40  Refinery  
  52  6:41  Marine  
  52  6:45  SCV  
  54  6:52  Starport Tech Lab  
  54  6:54  Battlecruiser  
  54  6:57  SCV  
  61  7:05  Supply Depot  
  61  7:09  SCV  
  61  7:11  Weapon Refit  
  62  7:21  SCV  
  56  8:45  Battlecruiser  
  62  8:54  Supply Depot  
  62  8:59  Battlecruiser  
  62  9:31  Supply Depot  
  62  9:49  Marine x2  
  64  10:00  Supply Depot  
  64  10:05  Engineering Bay  
  64  10:07  Marine x2  
  64  10:08  Battlecruiser  
  72  10:24  Marine x2  
  74  10:42  Marine x2  
  76  11:22  Siege Tank  
  79  11:37  Marine x2  
  81  11:55  Siege Tank, Marine x2  
  86  12:13  Marine  
  87  12:27  Supply Depot  
  87  12:31  Marine  
  87  12:37  Marine  
  70  12:49  Marine  
  44  13:19  Marine  
  38  13:20  Marine  
  34  13:28  Battlecruiser  
  34  13:30  Battlecruiser  
  46  13:37  Marine x2  
  48  13:43  Command Center  
  48  13:54  Siege Tank  
  48  13:55  Marine x2  
  53  14:09  Terran Infantry Armor Level 1  
  53  14:12  SCV  
  53  14:13  Marine x2  
  56  14:27  Siege Tank  
  56  14:29  Barracks  
  56  14:31  Marine x2  
  59  14:34  Orbital Command  
  61  14:49  Marine x2  
  37  15:36  Command Center  
  37  16:23  Siege Tank  
  40  16:30  SCV  
  41  16:33  Barracks Tech Lab  
  41  16:42  SCV  
  41  16:45  Refinery  
  19  17:25  SCV  
  20  17:35  Marine x3  
  23  17:38  SCV  
  24  17:47  Refinery  
  24  17:49  SCV  
  24  17:50  SCV  
  26  17:53  Marine x3  
  29  18:02  SCV  
  29  18:05  Siege Tank  
  33  18:11  Marine x3  
  36  18:14  Combat Shield  
  36  18:28  Marine x2  
  36  18:29  Marine  
  39  18:35  Refinery  
  39  18:37  Siege Tank  
  39  18:38  SCV  
  43  18:46  Marine x3  
  46  18:50  SCV  
  46  18:54  Planetary Fortress  
  47  19:03  SCV  
  47  19:04  Marine x3  
  51  19:15  SCV  
  52  19:22  Marine x3  
  55  19:33  Stimpack  
  55  19:35  Widow Mine  
  57  19:50  SCV  
  58  19:54  SCV  
  58  19:57  Widow Mine  
  61  20:02  SCV  
  61  20:06  SCV  
  64  20:14  SCV  
  64  20:18  SCV, Widow Mine  
  67  20:26  SCV  
  68  20:30  SCV  
  69  20:38  SCV  
  69  20:40  Battlecruiser, Widow Mine  
  78  21:00  SCV  
  78  21:01  Widow Mine  
  78  21:02  Refinery  
  81  21:13  SCV  
  82  21:25  SCV  
  83  21:30  Battlecruiser  
  89  21:37  SCV  
  90  21:49  SCV  
  91  22:01  SCV  
  92  22:13  SCV  
  93  22:20  Marine x2  
  95  22:25  SCV  
  96  22:37  SCV  
  96  22:38  Marine x2  
  99  22:49  SCV  
  100  22:55  Marine  
  100  22:56  Marine  
  102  23:01  Battlecruiser, SCV  
  109  23:06  Barracks  
  109  23:08  Ghost Academy  
  109  23:09  Terran Infantry Weapons Level 1  
  109  23:13  SCV  
  110  24:03  Personal Cloaking  
  110  24:08  Ghost Academy  
  110  24:14  Barracks Reactor  
  110  24:15  Supply Depot  
  110  24:36  Ghost  
  110  24:37  Siege Tank, SCV, Marine x2  
  118  24:45  Supply Depot  
  118  24:53  Nuke  
  118  24:55  Supply Depot  
  118  24:56  Marine  
  118  24:57  SCV, Marine  
  118  24:58  Battlecruiser  
  102  25:06  Marine x2, Ghost  
  106  25:09  Siege Tank, SCV  
  110  25:14  Marine  
  110  25:16  Marine  
  110  25:24  Marine x2  
  110  25:29  Nuke  
  110  25:32  Marine  
  110  25:34  Marine, Ghost  
  114  25:42  Marine x2  
  109  26:15  Nuke  
  109  26:45  Command Center  
  109  27:11  Marine  
  109  27:12  Marine x3, Ghost  
  109  27:15  Battlecruiser  
  94  27:38  Marine x4  
  94  27:41  Marine  
  99  27:56  Marine x4  
  103  27:59  Marine  
  77  29:48  Refinery  
  77  29:51  Orbital Command  
  77  30:04  Command Center  
  77  30:31  Nuke  
  77  30:32  Nuke  
  77  31:23  Marine x5  
  69  31:41  Marine x5  
  74  31:58  Marine  
  74  31:59  Marine x4  
  66  32:16  Marine x2  
  66  32:17  Marine x3  
  64  32:34  Marine x4  
  64  32:35  Marine  
  69  32:41  Battlecruiser  
  61  32:52  Marine x4  
  44  33:15  Siege Tank  
  47  33:21  Marine x2  
  49  33:31  SCV  
  50  33:47  Siege Tank  
Tags
 
League
Silver
Matchup
TvT
Race
Terran
Spawn Locations
Cross Positions
Add a new tag
Caveats
  • Supply blocks, unpowered buildings, or Contaminate may cause inaccurate times.
  • Supply counts are checked every 10 seconds.